Map: Mist Opportunities

Players

Takker

  • Race: Protoss Protoss
  • Spawn Location: 6:00

BBB

  • Race: Protoss Protoss
  • Spawn Location: 5:00

VOD

Have the link to the VOD?

Description

Time

  • Played on: May 23, 2019, 3:52 p.m.
  • Length: 19:50
Show
View Real Time Build Order
Export as new Build Order

Takker Protoss 

Build Orders:  

Get SALT Encoding   

  12  0:03  Probe (Chrono Boost)  
  13  0:17  Probe (Chrono Boost)  
  14  0:31  Probe (Chrono Boost)  
  15  0:42  Xel'Naga Passageway  
  15  0:50  Probe (Chrono Boost)  
  16  1:04  Probe (Chrono Boost)  
  17  1:18  Probe (Chrono Boost)  
  18  1:32  Probe (Chrono Boost)  
  19  1:46  Probe (Chrono Boost)  
  19  1:47  Xel'Naga Ambusher  
  22  1:58  Core Forge  
  22  2:00  Probe (Chrono Boost)  
  23  2:14  Probe (Chrono Boost)  
  24  2:29  Xel'Naga Ambusher  
  26  3:00  Xel'Naga Passageway  
  26  3:11  Xel'Naga Ambusher  
  28  3:54  Xel'Naga Ambusher  
  30  4:22  Xel'Naga Ambusher  
  32  4:36  Xel'Naga Shieldguard  
  34  4:49  Void Shrine  
  34  5:04  Xel'Naga Shieldguard  
  36  5:13  Xel'Naga Shieldguard  
  38  5:41  Xel'Naga Shieldguard  
  38  5:49  Xel'Naga Ambusher  
  42  6:18  Xel'Naga Ambusher  
  44  6:31  Xel'Naga Ambusher  
  44  6:36  Constructs Facility  
  46  7:06  Xel'Naga Ambusher  
  48  7:10  Ancient Nexus  
  48  7:19  Probe (Chrono Boost)  
  49  7:33  Probe (Chrono Boost)  
  50  7:46  Probe (Chrono Boost)  
  51  8:00  Probe (Chrono Boost)  
  52  8:14  Probe (Chrono Boost), Xel'Naga Ambusher  
  52  8:15  Xel'Naga Shieldguard  
  57  8:28  Probe (Chrono Boost), Xel'Naga Watcher  
  59  8:42  Probe (Chrono Boost)  
  60  8:52  Xel'Naga Shieldguard  
  60  8:56  Probe (Chrono Boost)  
  60  8:58  Xel'Naga Watcher  
  64  9:03  Probe (Chrono Boost)  
  65  9:17  Probe (Chrono Boost)  
  66  9:28  Xel'Naga Watcher  
  67  9:30  Probe (Chrono Boost)  
  64  9:44  Probe (Chrono Boost)  
  65  9:58  Probe (Chrono Boost)  
  66  10:12  Probe (Chrono Boost)  
  67  10:26  Probe x2 (Chrono Boost)  
  69  10:39  Void Templar x2  
  73  10:40  Probe x2 (Chrono Boost)  
  75  11:20  Xel'Naga Ambusher  
  75  11:21  Xel'Naga Ambusher  
  79  11:56  Xel'Naga Watcher  
  80  12:02  Xel'Naga Ambusher  
  80  12:03  Xel'Naga Ambusher  
  78  12:25  Xel'Naga Void Array x2  
  80  12:44  Xel'Naga Ambusher  
  80  12:45  Xel'Naga Shieldguard  
  66  13:15  Xel'Naga Void Array x2  
  66  13:18  Constructs Facility  
  67  13:22  Xel'Naga Shieldguard  
  67  13:26  Xel'Naga Shieldguard  
  69  13:31  Serdath Legion  
  78  13:58  Void Templar  
  70  14:03  Void Templar  
  70  14:05  Xel'Naga Void Array x2  
  65  14:45  Xel'Naga Ambusher  
  71  14:55  Xel'Naga Void Array x2  
  69  15:23  Xel'Naga Enforcer  
  73  15:45  Xel'Naga Void Array x2  
  75  16:18  Xel'Naga Enforcer  
  75  16:24  Xel'Naga Ambusher x2  
  75  16:35  Xel'Naga Enforcer  
  73  17:13  Xel'Naga Enforcer  
  77  17:57  Xel'Naga Ambusher x2  
  81  18:37  Xel'Naga Enforcer  
  81  18:39  Void Templar x2  
  88  19:16  Serdath Legion  
Show
View Real Time Build Order
Export as new Build Order

BBB Protoss 

Build Orders:  

Get SALT Encoding   

  12  0:02  Probe (Chrono Boost)  
  13  0:16  Probe (Chrono Boost)  
  14  0:34  Pylon  
  14  0:37  Probe (Chrono Boost)  
  15  0:49  Assimilator  
  15  0:58  Probe (Chrono Boost)  
  16  1:12  Probe (Chrono Boost)  
  16  1:14  Gateway  
  17  1:26  Probe (Chrono Boost)  
  18  1:40  Probe (Chrono Boost)  
  18  1:43  Pylon  
  18  1:49  Gateway  
  19  1:54  Probe (Chrono Boost)  
  20  2:09  Probe (Chrono Boost)  
  21  2:20  Cybernetics Core  
  21  2:23  Probe (Chrono Boost)  
  22  2:33  Assimilator  
  22  2:39  Probe (Chrono Boost)  
  23  2:54  Probe (Chrono Boost)  
  24  3:12  Dragoon x3  
  30  3:22  Pylon  
  30  3:42  Probe (Chrono Boost)  
  30  3:48  Dragoon  
  33  3:50  Dragoon  
  35  4:11  Pylon  
  35  4:35  Probe (Chrono Boost)  
  36  4:48  Gateway  
  36  4:49  Probe (Chrono Boost)  
  36  4:54  Pylon  
  37  5:21  Probe (Chrono Boost)  
  38  5:35  Probe (Chrono Boost)  
  38  5:39  Dragoon x5  
  49  5:53  Probe (Chrono Boost)  
  50  6:06  Pylon  
  50  6:48  Nexus, Probe (Chrono Boost)  
  51  7:00  Dragoon x2  
  51  7:03  Pylon  
  51  7:07  Dragoon  
  57  7:24  Assimilator  
  57  7:30  Assimilator  
  57  7:35  Pylon  
  57  8:23  Probe x2 (Chrono Boost)  
  59  8:37  Probe x2 (Chrono Boost)  
  61  8:51  Dragoon  
  61  8:52  Dragoon x4  
  69  9:04  Probe x2 (Chrono Boost)  
  71  9:18  Probe (Chrono Boost)  
  72  9:28  Probe (Chrono Boost)  
  72  9:29  Forge  
  73  9:31  Probe (Chrono Boost)  
  74  9:40  Forge x2  
  74  9:42  Probe (Chrono Boost)  
  75  9:51  Probe (Chrono Boost)  
  75  9:56  Probe (Chrono Boost)  
  77  10:05  Probe (Chrono Boost)  
  78  10:25  Photon Cannon  
  78  10:30  Protoss Shields Level 1, Protoss Ground Weapons Level 1  
  76  10:44  Probe (Chrono Boost)  
  77  10:58  Protoss Ground Armor Level 1  
  78  11:00  Probe (Chrono Boost)  
  78  11:14  Probe (Chrono Boost)  
  78  11:17  Probe (Chrono Boost)  
  80  11:26  Dragoon x5  
  80  11:27  Dragoon  
  93  11:31  Probe (Chrono Boost)  
  93  11:34  Probe (Chrono Boost)  
  94  11:48  Probe (Chrono Boost)  
  89  12:05  Probe (Chrono Boost)  
  88  12:44  Dragoon x2  
  88  12:45  Dragoon  
  94  12:57  Gateway  
  94  12:58  Gateway  
  94  13:03  Gateway  
  94  13:04  Gateway  
  94  13:05  Gateway  
  94  13:09  Gateway  
  94  13:13  Gateway  
  94  13:15  Gateway  
  94  13:22  Dragoon  
  52  14:25  Dragoon x4  
  52  14:26  Dragoon x6  
  52  14:27  Dragoon x3  
  52  14:28  Dragoon x3  
  82  14:49  Zealot  
  76  14:50  Zealot x6  
  76  14:51  Zealot x2  
  90  15:05  Probe (Chrono Boost)  
  90  15:09  Pylon  
  91  15:11  Pylon  
  91  15:13  Pylon  
  91  15:15  Pylon  
  92  15:22  Probe (Chrono Boost)  
  92  15:38  Dragoon x6  
  55  16:53  Robotics Facility  
  55  16:54  Photon Cannon  
  55  16:59  Dragoon x6  
  67  17:00  Dragoon x4  
  67  17:02  Dragoon  
  67  17:03  Dragoon  
  79  17:43  Dragoon x5  
  79  17:44  Dragoon x2  
  93  18:02  Immortal  
  95  18:49  Immortal  
  99  18:52  Zealot x3  
  99  18:53  Zealot x2  
  99  18:56  Dragoon x5  
Tags
 
Add a new tag
Caveats
  • Supply blocks, unpowered buildings, or Contaminate may cause inaccurate times.
  • Supply counts are checked every 10 seconds.